 Dungeon Crawl Stone Soup version 0.30.0-15-g856e2d3f33 (webtiles) character file.

Game seed: 3778704018212142441

395 qw the Shield-Bearer (level 6, -4/37 HPs)
             Began as a Gargoyle Fighter on May 20, 2023.
             Slain by Pikel
             ... wielding a +0 whip of flaming
              (8 damage)
             ... on level 4 of the Dungeon.
             The game lasted 00:01:29 (3198 turns).

qw the Shield-Bearer (Gargoyle Fighter)             Turns: 3198, Time: 00:01:30

Health: -4/37      AC: 13    Str: 27    XL:     6   Next: 82%
Magic:  6/6        EV:  7    Int:  9    God:
Gold:   225        SH:  9    Dex:  9    Spells: 5/5 levels left

rFire   . . .        Y - +0 war axe
rCold   . . .        k - +0 kite shield
rNeg    + . .        a - +0 chain mail
rPois   inf          (no helmet)
rElec   +            (no cloak)
rCorr   .            (no gloves)
SInv    .            (no boots)
Will    .....        (no amulet) Stlth
                     e - +6 ring of strength
HPRegen 0.26/turn    (no ring)
MPRegen 0.10/turn

%: no passive effects
@: no status effects
A: sickness immunity, AC +4, negative energy resistance 1, electricity
resistance, torment resistance 1, petrification resistance
a: no special abilities


You were on level 4 of the Dungeon.
You visited 1 branch of the dungeon, and saw 4 of its levels.

You collected 225 gold pieces.


Innate Abilities, Weirdness & Mutations

You are immune to sickness and miasma.
Your stone body is resilient. (AC +4)
You are immune to poison.
You resist negative energy. (rN+)
You are resistant to electric shocks. (rElec)
You are resistant to unholy torment.
You are immune to petrification.


   Skills:
 + Level 3.2 Fighting
 - Level 5.0 Axes
 - Level 3.2 Armour
 - Level 5.8 Shields


You had 5 spell levels left.
You didn't know any spells.
Your spell library was empty.

Inventory:

Hand Weapons
 c - a +1 flail of draining
 Y - a +0 war axe (weapon)
Armour
 a - a +0 chain mail (worn)
 k - a +0 kite shield (worn)
Jewellery
 e - a +6 ring of strength (left hand)
 i - a ring of fire
Scrolls
 b - a scroll of identify
Potions
 d - a potion of might
 f - 2 potions of curing
 g - a potion of attraction {unknown}
 h - a potion of degeneration {unknown}

Dungeon Overview and Level Annotations

Branches:
Dungeon (4/15)
 Temple: D:4-7

Altars:
Cheibriados
Trog
Uskayaw
Zin
The Shining One

Annotations:
D:1 1 transporter
D:4 Pikel


Message History

You hit the lemure. You block the lemure's attack. The lemure hits you.
A dart slug comes into view.
You block the lemure's attack. x2
Your Axes skill increases to level 5!
You barely miss the lemure.
The lemure is severely wounded.
You barely miss the lemure. You hit Pikel. You closely miss the lemure.
The lemure barely misses you. x2; The lemure hits you.
Pikel hits you but does no damage.
You barely miss the lemure.
The lemure is severely wounded.
You hit the lemure but do no damage. You closely miss the lemure.
You closely miss Pikel. You block the lemure's attack. The lemure hits you.
Pikel hits you but does no damage. The lemure completely misses you.
You hit the lemure.
The lemure is severely wounded.
You barely miss the lemure. You slash the lemure!
You hit Pikel but do no damage. The lemure hits you but does no damage.
Pikel barely misses you. The lemure hits you but does no damage.
The lemure hits you. The lemure hits you but does no damage.
You block Pikel's attack. You block the lemure's attack.
The lemure hits you but does no damage.
You closely miss the lemure.
The lemure is severely wounded.
You barely miss Pikel. You hit the lemure but do no damage. You hit the lemure.
The lemure hits you but does no damage. x2; The lemure hits you.
You block Pikel's attack.
You closely miss the lemure.
The lemure is severely wounded.
You slash Pikel! You hit the lemure but do no damage. x2
You block the lemure's attack. The lemure hits you but does no damage.
Pikel hits you with a +0 whip of flaming!
Pikel burns you. The lemure barely misses you.
You barely miss the lemure.
The lemure is severely wounded.
You hit Pikel. You closely miss the lemure. x2
Pikel hits you with a +0 whip of flaming!
You die...

.. ....#.....#... ...
............. ...#
...............# ..
................ #
............... ## .
#.gw...........###. ...
#5K5S..............
#....###@5#
#............ #.....#
.............
#.#...##.##.............
#..#.# ##...............
#..## ##....#..####....
#..####.....#.# ##....
#.............# ##.#..#
#.#.#...##....###.##...
.##
#......##......)####..


You could see Pikel, 3 lemures, a dart slug, a goblin and a ball python.

Vanquished Creatures
  Edmund (D:4)
  A black bear (D:4)
  A lemure (D:4)
  7 adders
  5 gnolls
  An ufetubus (D:4)
  2 worms
  4 dart slugs
  3 orcs (D:3)
  9 ball pythons
  2 endoplasms
  5 goblins
  3 hobgoblins
  2 quokkas
  4 bats
  5 frilled lizards
  7 kobolds
  8 rats
70 creatures vanquished.

Notes
Turn   | Place    | Note
-------+----------+-------------------------------------------
     0 | D:1      | qw the Gargoyle Fighter began the quest for the Orb.
     0 | D:1      | Reached XP level 1. HP: 14/14 MP: 1/1
     0 | D:1      | 0 ||| qw: Version: 0.2-a-97-g6b18286
     0 | D:1      | 0 ||| qw: Game counter: 8
     0 | D:1      | 0 ||| qw: Always use a shield: true
     0 | D:1      | 0 ||| qw: God list: Okawaru
     0 | D:1      | 0 ||| qw: Allow faded altars: false
     0 | D:1      | 0 ||| qw: Do Orc after D:15 true
     0 | D:1      | 0 ||| qw: Do second Lair branch before Depths: true
     0 | D:1      | 0 ||| qw: Lair rune preference: random
     0 | D:1      | 0 ||| qw: Plans: Normal, Zot:1-4, God:TSO, Crypt, Tomb,
                  | Pan, Slime:5, Hells, Abyss, Win
     0 | D:1      | 0 ||| PLANNING D:1-11
   114 | D:1      | 114 ||| Stepping ~*~*~tactically~*~*~ (hiding).
   122 | D:1      | Reached XP level 2. HP: 19/19 MP: 2/2
   312 | D:1      | Reached skill level 3 in Axes
   312 | D:1      | Reached XP level 3. HP: 11/23 MP: 3/3
   335 | D:1      | 335 ||| Stepping ~*~*~tactically~*~*~ (stealth).
   338 | D:1      | 338 ||| Stepping ~*~*~tactically~*~*~ (stealth).
   343 | D:1      | 343 ||| Stepping ~*~*~tactically~*~*~ (stealth).
   344 | D:1      | 344 ||| Stepping ~*~*~tactically~*~*~ (stealth).
   345 | D:1      | 345 ||| Stepping ~*~*~tactically~*~*~ (stealth).
   381 | D:1      | 381 ||| DROPPING +0 club.
   758 | D:1      | 758 ||| READING scroll labelled ETUUQOUKOGH.
   759 | D:1      | 759 ||| READING scroll labelled NUESMAE MEONOL.
   837 | D:2      | 837 ||| Stepping ~*~*~tactically~*~*~ (stealth).
   915 | D:2      | Reached XP level 4. HP: 28/28 MP: 4/4
   945 | D:2      | 945 ||| Stepping ~*~*~tactically~*~*~ (hiding).
  1214 | D:2      | 1214 ||| Stepping ~*~*~tactically~*~*~ (stealth).
  1273 | D:2      | Found a snail-covered altar of Cheibriados.
  1744 | D:2      | 1744 ||| UPGRADING to +0 chain mail.
  1754 | D:2      | 1754 ||| DROPPING +0 scale mail.
  1755 | D:2      | 1755 ||| READING scroll labelled FOOLOITH ASUE.
  1756 | D:2      | 1756 ||| READING scroll labelled IKUTSUISMY.
  1888 | D:3      | Found a glowing silver altar of Zin.
  1889 | D:3      | 1889 ||| UPGRADING to +6 ring of strength.
  2100 | D:3      | 2100 ||| Stepping ~*~*~tactically~*~*~ (hiding).
  2261 | D:3      | 2261 ||| DROPPING +0 whip.
  2267 | D:3      | 2267 ||| Stepping ~*~*~tactically~*~*~ (stealth).
  2269 | D:3      | 2269 ||| Stepping ~*~*~tactically~*~*~ (stealth).
  2270 | D:3      | 2270 ||| Stepping ~*~*~tactically~*~*~ (stealth).
  2359 | D:3      | Reached XP level 5. HP: 14/32 MP: 5/5
  2365 | D:3      | HP: 2/32 [gnoll/+0 halberd (10)]
  2780 | D:3      | 2780 ||| UPGRADING to +0 kite shield.
  2790 | D:3      | 2790 ||| DROPPING +0 buckler.
  2791 | D:3      | 2791 ||| READING scroll labelled WURCHY PEENT.
  2792 | D:3      | 2792 ||| READING 2 scrolls of identify.
  2792 | D:3      | 2792 ||| IDENTIFYING bubbling puce potion
  2854 | D:4      | Found a hide-covered altar of Uskayaw.
  2860 | D:4      | Found a bloodstained altar of Trog.
  2861 | D:4      | Found a glowing golden altar of the Shining One.
  2992 | D:4      | Noticed a black bear
  3011 | D:4      | Killed a black bear
  3012 | D:4      | Reached XP level 6. HP: 29/37 MP: 6/6
  3048 | D:4      | Noticed Edmund
  3064 | D:4      | Killed Edmund
  3130 | D:4      | 3130 ||| DROPPING +0 flail.
  3182 | D:4      | 3182 ||| Stepping ~*~*~tactically~*~*~ (stealth).
  3183 | D:4      | 3183 ||| Stepping ~*~*~tactically~*~*~ (stealth).
  3185 | D:4      | Noticed Pikel
  3197 | D:4      | HP: 7/37 [Pikel/+0 whip of flaming (7)]
  3198 | D:4      | Slain by Pikel

Levels and vault maps discovered:
D:1:      spicycebolla_arrival_risky_transporter, layout_basic
D:2:      wad_crossroads, layout_loops_ring, basic_altar
D:3:      layout_basic, mainiacjoe_overflow_catwalk
D:4:      layout_layer_cave, lemuel_round_altar,
          mainiacjoe_overflow_six_doors_small,
          chequers_temple_overflow_statue_of_worship,
          corexii_item_surrounded_by_moat, uniq_edmund, uniq_pikel

Skill      XL: |  1  2  3  4  5  6 |
---------------+-------------------+-----
Axes           | 2 3 4 5 |  5.0
Shields        | 4 5 |  5.8
Fighting       | |  3.2
Armour         | |  3.2

Action                     |  1- 3 |  4- 6 || total
---------------------------+-------+-------++-------
  Melee: War axe           |    94 |   164 ||   258
    Use: Scroll            |     2 |     4 ||     6
 Armour: Scale mail        |    45 |    32 ||    77
         Chain mail        |       |    59 ||    59
  Dodge: Dodged            |    49 |    60 ||   109
  Block: Buckler           |    13 |    20 ||    33
         Kite shield       |       |    32 ||    32

Table legend:
 A = Non-vault XP
 B = Vault XP
 C = Vault XP percentage of total XP
 D = Non-vault monster count
 E = Vault monster count
 F = Vault count percentage of total count
                 A         B        C        D         E       F
            +---------+---------+-------+---------+---------+-------
      Total |     387 |     178 |  31.5 |      64 |       5 |   7.2
            +---------+---------+-------+---------+---------+-------
        D:1 |      46 |       0 |   0.0 |      21 |       0 |   0.0
        D:2 |      68 |      16 |  19.0 |      18 |       4 |  18.2
        D:3 |      90 |       0 |   0.0 |      18 |       0 |   0.0
        D:4 |     183 |     162 |  47.0 |       7 |       1 |  12.5
            +---------+---------+-------+---------+---------+-------
